3AAA
PORT ROYAL DISASTER @ SUNSET DISTRICT FOG
07/17/2034
 
TOP OF THE 1ST
Port Royal Disaster batting - Pitching for Sunset District Fog : RHP Mark Roddam
Pitching: RHP Mark Roddam
Batting: LHB Ricky Payton 0-0: Called Strike
0-1: Ball
1-1: Ground out U3 (Groundball, 34)
Batting: SHB Júlio Morín Jr. 0-0: Fly out, F7 (Flyball, 7)
Batting: LHB Guillermo Arellano 0-0: Fly out, F9 (Flyball, 9)
Top of the 1st over - 0 runs, 0 hits, 0 errors, 0 left on base; Port Royal 0 - Sunset District 0
BOTTOM OF THE 1ST
Sunset District Fog batting - Pitching for Port Royal Disaster : RHP Elton Mobley
Pitching: RHP Elton Mobley
Batting: LHB Arnold England 0-0: SINGLE (Groundball, 34D)
Batting: LHB Ed Berry 0-0: Ball
1-0: Ball
2-0: Ball
3-0: Foul Ball, location: 2F
3-1: Called Strike
3-2: 2-RUN HOME RUN (Flyball, 9LD), Distance : 367 ft
Batting: LHB Ieyoshi Samurakami 0-0: Foul Ball, location: 2F
0-1: Foul Ball, location: 2F
0-2: Ball
1-2: Ball
2-2: Ground out 6-3 (Groundball, 6)
Batting: RHB Silvian Burger 0-0: Ball
1-0: Ground out 6-3 (Groundball, 6)
Batting: LHB Jesús De Jesús 0-0: Called Strike
0-1: SINGLE (Groundball, 4D)
Batting: RHB Keohi Iese 0-0: Called Strike
0-1: Swinging Strike
0-2: Strikes out swinging
Bottom of the 1st over - 2 runs, 3 hits, 0 errors, 1 left on base; Port Royal 0 - Sunset District 2
TOP OF THE 2ND
Port Royal Disaster batting - Pitching for Sunset District Fog : RHP Mark Roddam
Batting: RHB John Burton 0-0: Foul Ball, location: 2F
0-1: Ground out 6-3 (Groundball, 56)
Batting: RHB Anson Darrah 0-0: Called Strike
0-1: Ball
1-1: Foul Ball, location: 2F
1-2: Ball
2-2: Strikes out swinging
Batting: RHB Michael Brannon 0-0: Foul Ball, location: 2F
0-1: Foul Ball, location: 2F
0-2: DOUBLE (Line Drive, 7LM)
Batting: RHB Richard Cutshall 0-0: Called Strike
0-1: Ball
1-1: Called Strike
1-2: Foul Ball, location: 2F
1-2: Ball
2-2: TRIPLE (Flyball, 89XD)
Michael Brannon scores
Batting: LHB Mitchell Cusimano 0-0: Called Strike
0-1: SINGLE (Line Drive, 4D)
Richard Cutshall scores
Batting: RHB Ryan Faulkner 0-0: Called Strike
0-1: Ball
1-1: Called Strike
1-2: Ball
2-2: DOUBLE (Line Drive, 9D)
Mitchell Cusimano to third
Runner from 3rd tries for Home, SAFE, no throw
Batting: LHB Ricky Payton 0-0: Called Strike
0-1: Swinging Strike
0-2: Ball
1-2: Ball
2-2: Ball
3-2: DOUBLE (Line Drive, 78D)
Ryan Faulkner scores
Batting: SHB Júlio Morín Jr. 0-0: Foul Ball, location: 2F
0-1: Called Strike
0-2: Ground out U3 (Groundball, 3S)
Top of the 2nd over - 4 runs, 5 hits, 0 errors, 1 left on base; Port Royal 4 - Sunset District 2
BOTTOM OF THE 2ND
Sunset District Fog batting - Pitching for Port Royal Disaster : RHP Elton Mobley
Batting: RHB Tom Woolever 0-0: Ball
1-0: Foul Ball, location: 2F
1-1: SINGLE (Groundball, 6MD)
Batting: LHB Mo Wyndham 0-0: Called Strike
Tom Woolever steals 2nd base
0-1: Ball
1-1: Foul Ball, location: 2F
1-2: Foul Ball, location: 2F
1-2: Ball
2-2: Ball
3-2: Base on Balls
Batting: LHB Jesús Trevino 0-0: Ground out 3-1 (Groundball, 3S)
Tom Woolever to third
Mo Wyndham to second
Batting: LHB Arnold England 0-0: Called Strike
0-1: Ball
1-1: Ground out 4-3 (Groundball, 4)
Tom Woolever scores
Mo Wyndham to third
Batting: LHB Ed Berry 0-0: Swinging Strike
0-1: Ball
1-1: Ground out U3 (Groundball, 23)
Bottom of the 2nd over - 1 run, 1 hit, 0 errors, 1 left on base; Port Royal 4 - Sunset District 3
TOP OF THE 3RD
Port Royal Disaster batting - Pitching for Sunset District Fog : RHP Mark Roddam
Batting: LHB Guillermo Arellano 0-0: Ground out U3 (Groundball, 3)
Batting: RHB John Burton 0-0: Ball
1-0: Ball
2-0: Ball
3-0: Called Strike
3-1: Single, Error in OF, E8, batter to second base
Batting: RHB Anson Darrah 0-0: Ball
1-0: Called Strike
1-1: Ball
2-1: Foul Ball, location: 2F
2-2: Strikes out swinging passed ball, reaches first!
John Burton to third
Batting: RHB Michael Brannon 0-0: Swinging Strike
0-1: Ball
1-1: Ball
2-1: SINGLE (Groundball, 56) (infield hit)
John Burton scores
Anson Darrah to second
Batting: RHB Richard Cutshall 0-0: Grounds into double play, 6-4-3 (Groundball, 6M)
Top of the 3rd over - 1 run, 2 hits, 1 error, 1 left on base; Port Royal 5 - Sunset District 3
BOTTOM OF THE 3RD
Sunset District Fog batting - Pitching for Port Royal Disaster : RHP Elton Mobley
Batting: LHB Ieyoshi Samurakami 0-0: Called Strike
0-1: Called Strike
0-2: Ball
1-2: Foul Ball, location: 2F
1-2: SINGLE (Groundball, 4MD)
Batting: RHB Silvian Burger 0-0: Called Strike
0-1: Fly out, F7 (Flyball, 7LM)
Batting: LHB Jesús De Jesús 0-0: Ball
1-0: Grounds into double play, 4-6-3 (Groundball, 4)
Bottom of the 3rd over - 0 runs, 1 hit, 0 errors, 0 left on base; Port Royal 5 - Sunset District 3
TOP OF THE 4TH
Port Royal Disaster batting - Pitching for Sunset District Fog : RHP Mark Roddam
Batting: LHB Mitchell Cusimano 0-0: Foul Ball, location: 2F
0-1: Ground out 5-3 (Groundball, 5)
Batting: RHB Ryan Faulkner 0-0: Ball
1-0: Ball
2-0: Ball
3-0: Called Strike
3-1: Base on Balls
Batting: LHB Ricky Payton 0-0: Foul Ball, location: 2F
0-1: Ball
1-1: Foul Ball, location: 2F
1-2: Foul Ball, location: 2F
1-2: Grounds into double play, 4-6-3 (Groundball, 4)
Top of the 4th over - 0 runs, 0 hits, 0 errors, 0 left on base; Port Royal 5 - Sunset District 3
BOTTOM OF THE 4TH
Sunset District Fog batting - Pitching for Port Royal Disaster : RHP Elton Mobley
Batting: RHB Keohi Iese 0-0: Ball
1-0: SINGLE (Line Drive, 9LM)
Batting: RHB Tom Woolever 0-0: Ball
1-0: Foul Ball, location: 2F
1-1: Swinging Strike
1-2: Foul Ball, location: 2F
1-2: Fly out, F8 (Flyball, 78D)
Batting: LHB Mo Wyndham 0-0: Ground out 5-3 (Groundball, 56S)
Keohi Iese to second
Batting: LHB Jesús Trevino 0-0: SINGLE (Flyball, 8RS)
Keohi Iese to third
Runner from 3rd tries for Home, SAFE, throw made home
Jesús Trevino to second
Batting: LHB Arnold England 0-0: Called Strike
0-1: Fly out, F4 (Line Drive, 4M)
Bottom of the 4th over - 1 run, 2 hits, 0 errors, 1 left on base; Port Royal 5 - Sunset District 4
TOP OF THE 5TH
Port Royal Disaster batting - Pitching for Sunset District Fog : RHP Mark Roddam
Batting: SHB Júlio Morín Jr. 0-0: Ball
1-0: Ground out U3 (Groundball, 23)
Batting: LHB Guillermo Arellano 0-0: Called Strike
0-1: Fly out, F4 (Popup, 4S)
Batting: RHB John Burton 0-0: Swinging Strike
0-1: Fly out, F9 (Flyball, 9S)
Top of the 5th over - 0 runs, 0 hits, 0 errors, 0 left on base; Port Royal 5 - Sunset District 4
BOTTOM OF THE 5TH
Sunset District Fog batting - Pitching for Port Royal Disaster : RHP Elton Mobley
Batting: LHB Ed Berry 0-0: SINGLE (Line Drive, 4MD)
Batting: LHB Ieyoshi Samurakami 0-0: Ball
1-0: Ball
2-0: Grounds into double play, 6-4-3 (Groundball, 6)
Batting: RHB Silvian Burger 0-0: Ball
1-0: Foul Ball, location: 2F
1-1: Foul Ball, location: 2F
1-2: Foul Ball, location: 2F
1-2: Ball
2-2: Foul Ball, location: 2F
2-2: Fly out, F4 (Popup, 23)
Bottom of the 5th over - 0 runs, 1 hit, 0 errors, 0 left on base; Port Royal 5 - Sunset District 4
TOP OF THE 6TH
Port Royal Disaster batting - Pitching for Sunset District Fog : RHP Mark Roddam
Batting: RHB Anson Darrah 0-0: Foul Ball, location: 2F
0-1: Ball
1-1: Swinging Strike
1-2: Ground out U3 (Groundball, 34)
Batting: RHB Michael Brannon 0-0: Foul Ball, location: 2F
0-1: Ball
1-1: Ball
2-1: Foul Ball, location: 2F
2-2: Ball
3-2: Base on Balls
Batting: RHB Richard Cutshall 0-0: Ball
1-0: Swinging Strike
1-1: Called Strike
1-2: Ball
2-2: Grounds into double play, 4-6-3 (Groundball, 4)
Top of the 6th over - 0 runs, 0 hits, 0 errors, 0 left on base; Port Royal 5 - Sunset District 4
BOTTOM OF THE 6TH
Sunset District Fog batting - Pitching for Port Royal Disaster : RHP Elton Mobley
Batting: LHB Jesús De Jesús 0-0: Ball
1-0: Fly out, F5 (Line Drive, 5S)
Batting: RHB Keohi Iese 0-0: Ball
1-0: Ground out 6-3 (Groundball, 6)
Batting: RHB Tom Woolever 0-0: Ball
1-0: Ball
2-0: Foul Ball, location: 2F
2-1: Ball
3-1: Base on Balls
Batting: LHB Mo Wyndham 0-0: Foul Ball, location: 2F
0-1: Foul Ball, location: 2F
0-2: Ball
Passed Ball!
Tom Woolever to second
1-2: Fly out, F8 (Flyball, 8LS)
Bottom of the 6th over - 0 runs, 0 hits, 0 errors, 1 left on base; Port Royal 5 - Sunset District 4
TOP OF THE 7TH
Port Royal Disaster batting - Pitching for Sunset District Fog : RHP Mark Roddam
Batting: LHB Mitchell Cusimano 0-0: Ball
1-0: Swinging Strike
1-1: Ball
2-1: Fly out, F7 (Flyball, 7S)
Pitching: RHP Carlos Rodríguez
Batting: RHB Ryan Faulkner 0-0: Ground out U3 (Groundball, 3L)
Batting: LHB Ricky Payton 0-0: Ground out 4-3 (Groundball, 34D)
Top of the 7th over - 0 runs, 0 hits, 0 errors, 0 left on base; Port Royal 5 - Sunset District 4
BOTTOM OF THE 7TH
Sunset District Fog batting - Pitching for Port Royal Disaster : RHP Elton Mobley
Batting: LHB Jesús Trevino 0-0: Called Strike
0-1: Ball
1-1: Fly out, F7 (Flyball, 78M)
Batting: LHB Arnold England 0-0: Ball
1-0: Ball
2-0: Ball
3-0: Called Strike
3-1: Foul Ball, location: 2F
3-2: SINGLE (Line Drive, 89M)
Batting: LHB Ed Berry 0-0: Called Strike
Arnold England steals 2nd base
0-1: SINGLE (Line Drive, 6) (infield hit)
Arnold England to third
Pitching: LHP Chet Saks
Batting: LHB Ieyoshi Samurakami 0-0: Ball
1-0: Called Strike
1-1: Ball
2-1: Called Strike
2-2: Fly out, F7 (Flyball, 78M)
Runner from 3rd tags up, SCORES, throw made
Batting: RHB Silvian Burger 0-0: Called Strike
0-1: Ball
1-1: 2-RUN HOME RUN (Flyball, 7D), Distance : 398 ft
Batting: LHB Jesús De Jesús 0-0: Ground out U3 (Groundball, 3L)
Bottom of the 7th over - 3 runs, 3 hits, 0 errors, 0 left on base; Port Royal 5 - Sunset District 7
TOP OF THE 8TH
Port Royal Disaster batting - Pitching for Sunset District Fog : RHP Carlos Rodríguez
Batting: SHB Júlio Morín Jr. 0-0: Ball
1-0: Called Strike
1-1: Ball
2-1: Foul Ball, location: 2F
2-2: Strikes out swinging
Batting: LHB Guillermo Arellano 0-0: Foul Ball, location: 2F
0-1: Ball
1-1: SINGLE (Flyball, 7LS)
Batting: RHB John Burton 0-0: Called Strike
0-1: Ball
1-1: Called Strike
1-2: SINGLE (Groundball, 6MD)
Guillermo Arellano to second
Batting: RHB Anson Darrah 0-0: Foul Ball, location: 2F
0-1: Ball
1-1: Ball
2-1: Foul Ball, location: 2F
2-2: Ball
3-2: Fly out, F9 (Flyball, 9S)
Batting: RHB Michael Brannon 0-0: Ball
1-0: Ball
2-0: Called Strike
2-1: Swinging Strike
2-2: Ball
3-2: Base on Balls
Guillermo Arellano to third
John Burton to second
Batting: RHB Richard Cutshall 0-0: Called Strike
0-1: Called Strike
0-2: Ball
1-2: Strikes out looking
Top of the 8th over - 0 runs, 2 hits, 0 errors, 3 left on base; Port Royal 5 - Sunset District 7
BOTTOM OF THE 8TH
Sunset District Fog batting - Pitching for Port Royal Disaster : LHP Chet Saks
Batting: RHB Keohi Iese 0-0: Called Strike
0-1: Hit by Pitch
Batting: RHB Tom Woolever 0-0: Bunted foul
0-1: Bunted foul
0-2: Ball
1-2: DOUBLE (Line Drive, 78D)
Keohi Iese to third
Batting: LHB Mo Wyndham 0-0: Intentional Walk
Pinch Hitting: RHB Gérard Chesnutt 0-0: SINGLE (Groundball, 6D)
Keohi Iese scores
Tom Woolever to third
Mo Wyndham to second
Pitching: LHP Magnus Scheving
Batting: LHB Arnold England 0-0: Ball
1-0: Swinging Strike
1-1: SINGLE (Line Drive, 4)
Tom Woolever scores
Mo Wyndham to third
Gérard Chesnutt to second
Batting: LHB Ed Berry 0-0: Ball
Wild Pitch!
Mo Wyndham scores
Gérard Chesnutt to third
Arnold England to second
1-0: Ball
Wild Pitch!
Gérard Chesnutt scores
Arnold England to third
2-0: Fly out, F8 (Flyball, 89D)
Runner from 3rd tags up, OUT at HOME
Batting: LHB Ieyoshi Samurakami 0-0: Ball
1-0: Called Strike
1-1: Ball
2-1: Called Strike
2-2: Fly out, F7 (Flyball, 7D)
Bottom of the 8th over - 4 runs, 3 hits, 0 errors, 0 left on base; Port Royal 5 - Sunset District 11
TOP OF THE 9TH
Port Royal Disaster batting - Pitching for Sunset District Fog : RHP Carlos Rodríguez
Now at 2B: Gérard Chesnutt
Now in RF: Frank Brinton
Batting: LHB Mitchell Cusimano 0-0: Ball
1-0: Ball
2-0: Ball
3-0: Called Strike
3-1: Foul Ball, location: 2F
3-2: Strikes out swinging
Batting: RHB Ryan Faulkner 0-0: Ball
1-0: Foul Ball, location: 2F
1-1: Ball
2-1: Called Strike
2-2: SOLO HOME RUN (Line Drive, 7D), Distance : 405 ft
Batting: LHB Ricky Payton 0-0: SINGLE (Groundball, 4D)
Batting: SHB Júlio Morín Jr. 0-0: SINGLE (Line Drive, 56D)
Ricky Payton to second
Batting: LHB Guillermo Arellano 0-0: Ball
1-0: Ball
2-0: Foul Ball, location: 2F
2-1: Ball
3-1: Fly out, F8 (Flyball, 89XD)
Runner from 2nd tags up, SAFE at 3rd, no throw
Batting: RHB John Burton 0-0: Ball
1-0: Ball
2-0: Called Strike
2-1: SINGLE (Line Drive, 6M)
Ricky Payton scores
Júlio Morín Jr. to second
Pitching: RHP Pedro Rodríguez
Batting: RHB Anson Darrah 0-0: Ball
1-0: Ball
2-0: Ball
3-0: Base on Balls
Júlio Morín Jr. to third
John Burton to second
Batting: RHB Michael Brannon 0-0: Called Strike
0-1: Fly out, F8 (Flyball, 89D)
Top of the 9th over - 2 runs, 4 hits, 0 errors, 3 left on base; Port Royal 7 - Sunset District 11
Friday, March 29th, 2019 - OOTP Baseball 18.8 Build 76